cohdb
Replays
Latest Replays
All Replays
Popular Replays
Top Player Replays
Match Explorer
How It Works
Community
CoH3 Stats
Reddit
Sign in to upload your games and track your stats! →
Sign in with Steam
Match 41090801
Unlisted
Match 41090801
Overview
Messages
Build Orders
End
Construct Barracks
Selects Heavy Weapons
Riflemen Squad
Riflemen Squad
1⁄4-ton 4x4 Truck
Riflemen Squad
Construct Weapon Support Center
Construct Medical Station
Mechanized Support Center
Selects M2HB .50cal Heavy Machine Gun
M1919 Machine Gun Team
Grenade Package
Selects Assault Carriers
M1918 Browning Automatic Rifles
M3 Assault Carrier
Selects Exchangeable Parts
Designate Forward Repair Station
3rdDUI
BamboneWertherone ITA
BApppA
AG Coalition
0
0
Comments
sign in to comment!
No comments posted yet!